 Dungeon Crawl Stone Soup version 0.26.1 (webtiles) character file.

Game seed: 121420175837389772

75191 Gadfly the Cleaver (level 15, -5/175 HPs)
             Began as a Demonspawn Monk on Feb 5, 2021.
             Was a High Priest of Nemelex Xobeh.
             Slain by a cyclops (39 damage)
             ... on level 1 of the Orcish Mines.
             The game lasted 00:51:30 (31545 turns).

Gadfly the Cleaver (Demonspawn Monk)               Turns: 31545, Time: 00:51:31

Health: -5/175     AC: 32    Str: 16    XL:     15   Next: 9%
Magic:  25/25      EV:  7    Int: 12    God:    Nemelex Xobeh [*****.]
Gold:   1236       SH:  5    Dex: 21    Spells: 14/14 levels left

rFire    . . .     SeeInvis .   a - +5 battleaxe
rCold    + . .     Faith    .   (shield currently unavailable)
rNeg     . . .     Spirit   .   w - +4 plate armour
rPois    .         Reflect  +   x - +2 hat
rElec    .         Harm     .   B - +2 cloak
rCorr    .         Rampage  .   t - +2 pair of gloves
Will     ++...                  (no boots)
Stlth    ..........             N - amulet "Otagurom" {Reflect Dex+4 SH+5}
HPRegen  0.39/turn              I - ring of willpower
MPRegen  0.19/turn              F - +4 ring of protection

@: mighty, berserking, silenced, very quick
A: antennae 2, hooves 1, cold resistance 1, powered by pain 2, spiny 3
a: Renounce Religion


You were on level 1 of the Orcish Mines.
You worshipped Nemelex Xobeh.
Nemelex Xobeh was extremely pleased with you.
You visited 3 branches of the dungeon, and saw 19 of its levels.
You also visited: Gauntlet.

You collected 1476 gold pieces.
You spent 240 gold pieces at shops.

Inventory:

Hand Weapons
 a - a +5 battleaxe (weapon)
 b - a +2 whip of electrocution
 H - a +2 morningstar of draining
Armour
 t - a +2 pair of gloves (worn)
 v - the +0 plate armour of the Arcane {+Fly rC+ rN+}
   (You found it on level 5 of the Dungeon)

   It protects you from cold.
   It protects you from negative energy.
   It lets you fly.
 w - a +4 plate armour (worn)
 x - a +2 hat (worn)
 B - a +2 cloak (worn)
 O - a +4 chain mail of fire resistance
Jewellery
 E - an uncursed ring of see invisible
 F - a +4 ring of protection (right hand)
 I - a ring of willpower (left hand)
 N - the amulet "Otagurom" (around neck) {Reflect Dex+4 SH+5}
   (You found it on level 6 of the Lair of Beasts)

   [amulet of reflection]

   It shields you and reflects attacks.
   It affects your dexterity (+4).
   It affects your SH (+5).
Wands
 p - a wand of enslavement (12)
 q - a wand of random effects (4)
 r - a wand of paralysis (20)
 A - a wand of acid (16)
 D - a wand of disintegration (20) (quivered)
 J - a wand of iceblast (8)
 L - a wand of polymorph (13)
 M - a wand of flame (15)
Scrolls
 c - 2 scrolls of magic mapping
 g - 5 scrolls of remove curse
 n - 4 scrolls of fog
 s - 5 scrolls of blinking
 u - 6 scrolls of teleportation
 y - 11 scrolls of identify
 z - a scroll of enchant weapon
 C - 4 scrolls of enchant armour
 K - 2 scrolls of silence
Potions
 d - 8 potions of lignification
 f - 4 potions of curing
 h - a potion of might
 j - 3 potions of attraction
 k - a potion of ambrosia
 m - 2 potions of haste
 o - 5 potions of flight
Miscellaneous
 e - a box of beasts
 l - a tin of tremorstones (2/2)
 G - a condenser vane


   Skills:
 + Level 10.8 Fighting
 * Level 13.6 Axes
 + Level 11.3 Armour
 - Level 2.6 Dodging
 - Level 1.7 Stealth
 + Level 13.4 Invocations
 + Level 12.3 Evocations


You had 14 spell levels left.
You didn't know any spells.
Your spell library contained the following spells:

 Spells                   Type           Power        Failure   Level
 Corona                   Hex            0%           100%        1
 Freeze                   Ice            0%           100%        1
 Ensorcelled Hibernation  Hex/Ice        0%           100%        2
 Confusing Touch          Hex            0%           100%        3
 Dazzling Flash           Conj/Hex       0%           100%        3
 Frozen Ramparts          Ice            0%           100%        3
 Ozocubu's Armour         Ice            0%           100%        3
 Tukima's Dance           Hex            0%           100%        3
 Hailstorm                Conj/Ice       0%           100%        4
 Ice Form                 Ice/Tmut       0%           100%        4
 Summon Ice Beast         Ice/Summ       0%           100%        4
 Bolt of Magma            Conj/Fire/Erth 0%           100%        5
 Iskenderun's Battlesphe  Conj           0%           100%        5
 Metabolic Englaciation   Hex/Ice        0%           100%        5
 Freezing Cloud           Conj/Ice/Air   0%           100%        6
 Iron Shot                Conj/Erth      0%           100%        6
 Ozocubu's Refrigeration  Ice            0%           100%        6
 Simulacrum               Ice/Necr       0%           100%        6
 Malign Gateway           Summ/Tloc      0%           100%        7
 Monstrous Menagerie      Summ           0%           100%        7
 Orb of Destruction       Conj           0%           100%        7
 Spellforged Servitor     Conj/Summ      0%           100%        7
 Summon Greater Demon     Summ           0%           100%        7
 Summon Horrible Things   Summ           0%           100%        8


Dungeon Overview and Level Annotations

Branches:
Dungeon (12/15)            Temple (0/1) D:6            Lair (6/6) D:9
 Shoals (0/4) Lair:2       Spider (0/4) Lair:2        Slime (0/5) Lair:6
    Orc (1/2) D:11        Gauntlet (visited)

Altars:
Cheibriados
Dithmenos
Fedhas
Hepliaklqana
Makhleb
Nemelex Xobeh
Okawaru
Trog
Uskayaw
Vehumet
Wu Jian
Xom
Zin
Jiyva

Shops:
D:5 *   D:9 [

Annotations:
Orc:1 1 transporter, 1 runed translucent door


Innate Abilities, Weirdness & Mutations

You have a pair of antennae on your head.
You sometimes gain power by taking damage.
You are completely covered in sharp spines.
You have large cloven feet.
Your flesh is cold resistant. (rC+)


Message History

You are too injured to fight recklessly!
You slash the ettin!
The ettin is moderately wounded.
You slash the cyclops!
The cyclops hits you but does no damage.
The ettin hits you with a +0 dire flail!
* * * LOW HITPOINT WARNING * * *
You block the ettin's attack.
You slice the ettin!! You kick the ettin.
The ettin is severely wounded.
You slash the cyclops! The cyclops is struck by your spines.
The cyclops hits you!
* * * LOW HITPOINT WARNING * * *
You slice the ettin!!
You kill the ettin!
You slash the cyclops! You slash the troll! The troll is struck by your spines.
The troll bites you but does no damage.
The troll claws you but does no damage. x2
The cyclops is struck by your spines. The cyclops hits you!!!
You die...
Your body disappears without a glow.

........... e#.
⌠..[?(..⌠ .#o# # #.
..$[:$$.. .#e# #O
...$$[_)$$...#e#
y#{.## #+####..#y
###. #y##W##y#..###
#§#..#########..#°#
#....#)..#....#
#..T@C..)(..#
##..'.©.'..##
###########
#y#####y# ###.©.###
#.......# #.......#
.#########.......#
#...............##


You could see a deep elf sorcerer, an ogre mage, 3 moths of wrath, a cyclops
(berserk), a silent spectre (silencing) and a troll.

Vanquished Creatures
  A juggernaut (D:9)
  Kirke (Lair:6)
  An orc warlord (D:11)
  An emperor scorpion (Lair:6)
  A minotaur (Gauntlet)
  2 ettins (Orc:1)
  An ogre mage (D:12)
  3 boulder beetles
  3 catoblepae
  8 hydras
  A two-headed ogre (D:12)
  A death knight (D:12)
  3 death yaks (Lair:6)
  2 tengu warriors (D:12)
  A queen ant (Gauntlet)
  An unseen horror (D:11)
  Pikel (D:5)
  An orc knight (Orc:1)
  3 ugly things
  An orc sorcerer (D:11)
  A cyclops (D:12)
  6 manticores
  4 black mambas
  16 elephants
  9 cane toads
  2 gargoyles
  A torpor snail (Lair:6)
  A minotaur zombie (Gauntlet)
  A rime drake (Lair:6)
  13 komodo dragons
  A troll (D:9)
  6 polar bears
  2 jumping spiders (Lair:2)
  Prince Ribbit (D:7)
  A raiju (Gauntlet)
  3 dream sheep (Lair:6)
  10 blink frogs
  A snapping turtle (Lair:2)
  3 flying skulls (Gauntlet)
  A shadow (D:12)
  5 wyverns
  63 yaks
  2 wraiths
  7 redbacks (Lair:2)
  5 hogs (Lair:6)
  5 fire elementals (D:12)
  Grum (D:9)
  6 basilisks
  A neqoxec (D:12)
  An acid dragon (D:11)
  3 soldier ants (Gauntlet)
  12 water moccasins
  A hell hound (D:12)
  4 ice beasts
  2 black bears
  A necrophage (D:11)
  10 orc warriors
  3 sky beasts
  6 phantoms
  7 ogres
  11 wolves
  5 boggarts
  An eye of draining (D:11)
  5 centaurs
  A big kobold (D:11)
  19 bullfrogs
  5 scorpions
  5 killer bees (D:7)
  16 wights
  4 howler monkeys
  A bullfrog zombie (D:12)
  4 hounds
  3 centaur skeletons
  A gnoll shaman (D:9)
  6 jellies
  4 bullfrog skeletons
  2 centaur zombies
  8 orc priests
  Crazy Yiuf (D:3)
  Natasha (thrice) (D:2)
  7 iguanas
  9 orc wizards
  8 worker ants
  4 hell rats (Lair:4)
  A lightning spire (Gauntlet)
  A hound skeleton (D:4)
  2 worker ant zombies
  2 howler monkey skeletons
  8 gnolls
  17 adders
  A river rat (D:9)
  3 shadow imps
  2 white imps
  5 oozes
  3 ufetubi
  2 adder zombies
  3 adder skeletons
  3 dart slugs
  9 leopard geckos
  39 orcs
  6 bats
  3 giant cockroaches
  4 goblins
  2 hobgoblins (D:1)
  10 jackals
  7 kobolds
  3 quokkas
  2 ball pythons
  7 frilled lizards
  A jackal skeleton (D:7)
  A leopard gecko skeleton (D:5)
  A quokka zombie (D:5)
  5 rats
551 creatures vanquished.

Vanquished Creatures (collateral kills)
  2 death yaks (Lair:6)
  A tengu warrior (D:12)
  A yak (Lair:6)
4 creatures vanquished.

Vanquished Creatures (others)
  A ynoxinul (D:12)
  A yak (Lair:6)
  A bush (D:6)
  110 fungi
  115 plants
228 creatures vanquished.

Grand Total: 783 creatures vanquished

Notes
Turn   | Place    | Note
-------+----------+-------------------------------------------
     0 | D:1      | Gadfly the Demonspawn Monk began the quest for the Orb.
     0 | D:1      | Reached XP level 1. HP: 18/18 MP: 1/1
   464 | D:1      | Reached skill level 1 in Invocations
   464 | D:1      | Gained mutation: You are partially covered in sharp spines.
                  | [demonic ancestry]
   464 | D:1      | Reached XP level 2. HP: 24/24 MP: 2/2
   765 | D:1      | Reached skill level 1 in Armour
   771 | D:1      | Reached skill level 1 in Evocations
  1071 | D:2      | Found a radiant altar of Vehumet.
  1181 | D:2      | Reached XP level 3. HP: 26/29 MP: 4/4
  1353 | D:2      | Noticed Natasha
  1370 | D:2      | Killed Natasha
  1371 | D:2      | Reached XP level 4. HP: 21/35 MP: 5/5
  1405 | D:2      | Noticed Natasha
  1417 | D:2      | Killed Natasha
  1780 | D:2      | Found a hazy altar of Hepliaklqana.
  1781 | D:2      | Found a shadowy altar of Dithmenos.
  1781 | D:2      | Noticed a shadow
  1837 | D:2      | Found a shimmering altar of Xom.
  1850 | D:2      | Found a burning altar of Makhleb.
  2026 | D:2      | Reached XP level 5. HP: 41/41 MP: 7/7
  2032 | D:2      | Found a sparkling altar of Nemelex Xobeh.
  2107 | D:2      | Became a worshipper of Nemelex Xobeh the Trickster
  2107 | D:2      | Reached * piety under Nemelex Xobeh
  2107 | D:2      | Received a gift from Nemelex Xobeh
  2107 | D:2      | Reached ** piety under Nemelex Xobeh
  2177 | D:2      | Noticed Natasha
  2184 | D:2      | Killed Natasha
  2937 | D:3      | Found a runed translucent door.
  2938 | D:3      | Noticed Crazy Yiuf
  3114 | D:3      | Found a hide-covered altar of Uskayaw.
  3768 | D:3      | Killed Crazy Yiuf
  3820 | D:4      | Received a gift from Nemelex Xobeh
  4144 | D:4      | Gained mutation: You have a pair of small antennae on your
                  | head. [demonic ancestry]
  4144 | D:4      | Reached XP level 6. HP: 47/47 MP: 8/8
  4215 | D:4      | Found a sparkling altar of Nemelex Xobeh.
  4229 | D:4      | Received a gift from Nemelex Xobeh
  4230 | D:4      | Reached *** piety under Nemelex Xobeh
  4474 | D:5      | Entered Level 5 of the Dungeon
  4480 | D:5      | Noticed a sky beast
  4492 | D:5      | Killed a sky beast
  4644 | D:5      | Reached XP level 7. HP: 46/52 MP: 10/10
  5065 | D:5      | Found Zin's Purification Station.
  5068 | D:5      | Found a glowing silver altar of Zin.
  5126 | D:5      | Noticed a wraith
  5136 | D:5      | Killed a wraith
  5161 | D:5      | Got a slimy plate armour
  5296 | D:5      | Identified the +0 plate armour of the Arcane {+Fly rC+ rN+}
                  | (You found it on level 5 of the Dungeon)
  5454 | D:5      | Noticed Pikel
  5467 | D:5      | Killed Pikel
  5468 | D:5      | Reached skill level 5 in Axes
  5468 | D:5      | Reached skill level 5 in Invocations
  5468 | D:5      | Reached skill level 5 in Evocations
  5468 | D:5      | Reached XP level 8. HP: 14/60 MP: 11/11
  5714 | D:5      | Received a gift from Nemelex Xobeh
  6032 | D:5      | Reached **** piety under Nemelex Xobeh
  6444 | D:6      | Found an iron altar of Okawaru.
  6851 | D:6      | Reached skill level 5 in Armour
  7033 | D:6      | Found a blossoming altar of Fedhas.
  7162 | D:6      | Gained mutation: You sometimes gain a little power by
                  | taking damage. [demonic ancestry]
  7162 | D:6      | Reached XP level 9. HP: 7/66 MP: 13/13
  7562 | D:6      | Found a staircase to the Ecumenical Temple.
  7608 | D:6      | Found an ornate altar of the Wu Jian Council.
  7608 | D:6      | Found a snail-covered altar of Cheibriados.
  8459 | D:7      | Received a gift from Nemelex Xobeh
  8486 | D:7      | Noticed Prince Ribbit
  8493 | D:7      | Killed Prince Ribbit
  8494 | D:7      | Reached skill level 5 in Fighting
  8665 | D:7      | You fall into a shaft and drop 2 floors!
  8665 | D:9      | Noticed Grum
  8945 | D:8      | Received a gift from Nemelex Xobeh
  8969 | D:8      | Noticed Maurice
  8970 | D:8      | Noticed Erica
  8980 | D:8      | Noticed Erica
  8980 | D:8      | Noticed Maurice
  8985 | D:8      | Killed Erica the elephant
  8986 | D:8      | Killed Maurice the bullfrog
  9180 | D:8      | Reached ***** piety under Nemelex Xobeh
  9574 | D:8      | Got a fading morningstar
 10095 | D:7      | Received a gift from Nemelex Xobeh
 10403 | D:7      | Gained mutation: You have a pair of antennae on your head.
                  | [demonic ancestry]
 10403 | D:7      | Reached XP level 10. HP: 74/74 MP: 15/15
 10759 | D:7      | Identified the +6 morningstar of Offence {venom, Will+
                  | Str-5 Int+4} (You found it on level 8 of the Dungeon)
 10824 | D:7      | Received a gift from Nemelex Xobeh
 12200 | D:9      | Noticed Gastronok
 12203 | D:9      | Noticed Gastronok
 12203 | D:9      | Gastronok changed into Gastronok the juggernaut
 12223 | D:9      | Killed Gastronok the juggernaut
 12224 | D:9      | Gained mutation: You are mostly covered in sharp spines.
                  | [demonic ancestry]
 12224 | D:9      | Reached XP level 11. HP: 52/83 MP: 15/17
 12446 | D:9      | Killed Grum
 12533 | D:9      | Found a staircase to the Lair.
 12706 | D:9      | Received a gift from Nemelex Xobeh
 12888 | D:9      | Received a gift from Nemelex Xobeh
 13218 | D:9      | Found Toobbim's Antique Armour Emporium.
 13225 | D:9      | Bought a glowing scarf for 240 gold pieces
 13514 | D:10     | Entered Level 10 of the Dungeon
 13648 | D:10     | Received a gift from Nemelex Xobeh
 14351 | D:11     | Found a staircase to the Orcish Mines.
 14623 | D:11     | Received a gift from Nemelex Xobeh
 14628 | D:11     | Noticed a purple ugly thing
 14639 | D:11     | Killed a purple ugly thing
 14742 | D:11     | Killed an unseen horror
 14857 | D:11     | Noticed a five-headed hydra
 14861 | D:11     | Killed a five-headed hydra
 14862 | D:11     | Gained mutation: You sometimes gain power by taking damage.
                  | [demonic ancestry]
 14862 | D:11     | Reached XP level 12. HP: 91/91 MP: 19/19
 14905 | D:11     | Received a gift from Nemelex Xobeh
 14949 | D:11     | Noticed a boulder beetle
 14954 | D:11     | Killed a boulder beetle
 14955 | D:11     | Reached skill level 10 in Evocations
 15345 | D:11     | Noticed a six-headed hydra
 15358 | D:11     | Killed a nine-headed hydra
 15359 | D:11     | Reached skill level 10 in Axes
 15602 | D:11     | Reached skill level 10 in Invocations
 15619 | D:11     | Reached ****** piety under Nemelex Xobeh
 15817 | Lair:1   | Entered Level 1 of the Lair of Beasts
 16553 | Lair:1   | Received a gift from Nemelex Xobeh
 16630 | Lair:1   | You fall into a shaft and drop 1 floor!
 17006 | Lair:2   | Received a gift from Nemelex Xobeh
 17012 | Lair:2   | Found a gate leading to a gauntlet.
 17021 | Gauntlet | Entered a Gauntlet
 17021 | Gauntlet | Found a transporter.
 17217 | Gauntlet | Found a transporter.
 17232 | Gauntlet | Found a transporter.
 17234 | Gauntlet | Noticed a green death
 17235 | Gauntlet | Noticed a catoblepas
 17237 | Gauntlet | Found a transporter.
 17254 | Gauntlet | Found a transporter.
 17269 | Gauntlet | Found a transporter.
 17284 | Gauntlet | Found a transporter.
 17288 | Gauntlet | Noticed a green death
 17290 | Gauntlet | Found a transporter.
 17305 | Gauntlet | Found a transporter.
 17313 | Gauntlet | Noticed a catoblepas
 17317 | Gauntlet | Found a transporter.
 17329 | Gauntlet | Found a transporter.
 17346 | Gauntlet | Found a transporter.
 17364 | Gauntlet | Found a transporter.
 17366 | Gauntlet | Found a transporter.
 17366 | Gauntlet | Noticed a queen ant
 17392 | Gauntlet | Found a transporter.
 17394 | Gauntlet | Found a transporter.
 17414 | Gauntlet | Found a transporter.
 17504 | Gauntlet | Found a transporter.
 18000 | Gauntlet | Killed a queen ant
 18533 | Gauntlet | Received a gift from Nemelex Xobeh
 18533 | Gauntlet | Noticed a minotaur
 18555 | Gauntlet | Killed a minotaur
 18556 | Gauntlet | Gained mutation: You are completely covered in sharp
                  | spines. [demonic ancestry]
 18556 | Gauntlet | Reached XP level 13. HP: 47/99 MP: 21/21
 19990 | Lair:2   | Received a gift from Nemelex Xobeh
 20010 | Lair:2   | Reached skill level 10 in Armour
 20723 | Lair:2   | Found a hole to the Spider Nest.
 21095 | Lair:2   | Found a staircase to the Shoals.
 21946 | Lair:3   | Received a gift from Nemelex Xobeh
 22150 | Lair:3   | Received a gift from Nemelex Xobeh
 22609 | Lair:4   | Received a gift from Nemelex Xobeh
 23999 | Lair:5   | Received a gift from Nemelex Xobeh
 24698 | Lair:5   | Reached XP level 14. HP: 103/109 MP: 23/23
 25110 | Lair:5   | Received a gift from Nemelex Xobeh
 25372 | Lair:5   | Received a gift from Nemelex Xobeh
 25710 | Lair:6   | Entered Level 6 of the Lair of Beasts
 25726 | Lair:6   | Noticed Kirke
 25759 | Lair:6   | Killed Kirke
 25851 | Lair:6   | Reached skill level 10 in Fighting
 26770 | Lair:6   | Noticed an emperor scorpion
 26770 | Lair:6   | a catoblepas changed into an emperor scorpion
 26780 | Lair:6   | Killed an emperor scorpion
 27138 | Lair:6   | Got a smoking pewter amulet
 27139 | Lair:6   | Identified the amulet "Otagurom" {Reflect Dex+4 SH+5} (You
                  | found it on level 6 of the Lair of Beasts)
 27911 | Lair:6   | Received a gift from Nemelex Xobeh
 28033 | Lair:6   | Found a runed translucent door.
 28034 | Lair:6   | Found a viscous altar of Jiyva.
 28141 | Lair:6   | Found a staircase to the Slime Pits.
 28950 | D:12     | Noticed Azrael
 28956 | D:12     | Noticed Azrael
 28956 | D:12     | Azrael changed into Azrael the ynoxinul
 28958 | D:12     | Killed Azrael the ynoxinul
 29132 | D:12     | Gained mutation: You are weak. (Str -2) [a neqoxec]
 29135 | D:12     | Gained mutation: You are clumsy. (Dex -2) [a neqoxec]
 29340 | D:12     | Lost mutation: You are clumsy. (Dex -2) [potion of
                  | mutation]
 29340 | D:12     | Lost mutation: You are weak. (Str -2) [potion of mutation]
 29340 | D:12     | Gained mutation: You have large cloven feet. [potion of
                  | mutation]
 29340 | D:12     | Gained mutation: Your flesh is cold resistant. (rC+)
                  | [potion of mutation]
 29613 | D:12     | Received a gift from Nemelex Xobeh
 30214 | Orc:1    | Entered Level 1 of the Orcish Mines
 30214 | Orc:1    | Found a transporter.
 30222 | Orc:1    | Reached XP level 15. HP: 68/117 MP: 25/25
 30592 | Orc:1    | Noticed an orc warlord
 30625 | D:11     | Killed an orc warlord
 31302 | Orc:1    | Found a transporter.
 31510 | Orc:1    | Found a runed translucent door.
 31510 | Orc:1    | Found a bloodstained altar of Trog.
 31511 | Orc:1    | Found the cursed necklace of Bloodlust {*Rage +Rage Will++
                  | Int-3 Slay+6 *Curse}
 31541 | Orc:1    | Noticed a deep elf sorcerer
 31545 | Orc:1    | Slain by a cyclops

Illustrated notes

Levels and vault maps discovered:
D:1:      nicolae_arrival_memento_mori, layout_loops_corners
D:2:      layout_loops_ring, amethyst_overflow_temple_binary,
          riverfiend_overflow_shadow_ancestor, lemuel_coloured_pillars_altar,
          fiery_altar_vehumet, minmay_pentomino_x4, uniq_natasha
D:3:      layout_loops_ring, old_standard_altar, uniq_crazy_yiuf_cottage
D:4:      layout_gridville, nemelex_dance_club_becter
D:5:      layout_basic, zin_purify, mrwooster_statue_mirror, uniq_pikel
D:6:      layout_loops_ring, fedhas_bush_and_centaur_altar, okawaru_gym_becter,
          gammafunk_temple_overflow_wave, minmay_temple_entry_fiery
D:7:      layout_cave_pods, uniq_prince_ribbit1
D:8:      layout_basic, uniq_maurice, uniq_erica
D:9:      layout_gridville, due_lair_maze_entry_diamond, serial_shops,
          kennysheep_mini, grunt_decor_mini_mirrors, evilmike_butchery,
          uniq_grum, uniq_gastronok
D:10:     layout_loops_cross
D:11:     layout_small_grid, orc_0_dummy
D:12:     minmay_stepped, layout_rooms, uniq_azrael
Lair:1:   beast_lair_carwin_large_1, layout_gridlike, st_stairs_7
Lair:2:   layout_cave_pods, minmay_shoals_entry_hut,
          nicolae_spider_entry_tight_spaces, gauntlet_entry_generic
Lair:3:   layout_chaotic_city, infiniplex_staircase_pool, lemuel_fruit_fields
Lair:4:   nzn_motion_control, layout_misc_corridors,
          chequers_serial_rivers_marsh, lemuel_fruit_tree
Lair:5:   layout_cave_pods, kilobyte_rumbling_trees
Lair:6:   evilmike_catoblepas_cave, layout_regular_city, slime_altar_2,
          uniq_kirke
Orc:1:    emtedronai_trogs_sanctum, layout_caves

Skill      XL: |  1  2  3  4  5  6  7  8  9 10 11 12 13 14 |
---------------+-------------------------------------------+-----
Invocations    | 1 2 3 4 5 7 8 9 10 12 13 | 13.4
Armour         | 1 2 3 4 5 6 8 9 10 11 | 11.3
Evocations     | 1 2 3 5 7 9 10 11 12 | 12.3
Axes           | 3 5 6 8 9 11 12 13 | 13.6
Fighting       | 4 5 6 7 8 9 10 | 10.8
Dodging        | |  2.6
Stealth        | |  1.7

Action                   |  1- 3 |  4- 6 |  7- 9 | 10-12 | 13-15 || total
-------------------------+-------+-------+-------+-------+-------++-------
Melee: Hand axe          |    86 |    29 |       |       |       ||   115
       War axe           |       |    75 |    21 |       |       ||    96
       Scythe            |       |       |    14 |       |       ||    14
       Whip              |       |       |   260 |   163 |       ||   423
       Battleaxe         |       |       |     8 |   218 |   584 ||   810
       Scimitar          |       |       |       |       |     5 ||     5
       Kick              |       |       |       |       |    39 ||    39
Invok: Draw Destruction  |       |       |    14 |    37 |    27 ||    78
       Draw Escape       |       |       |     2 |     3 |     3 ||     8
       Draw Summoning    |       |       |       |     4 |     3 ||     7
Evoke: Wand              |       |     1 |     5 |    17 |    53 ||    76
  Use: Scroll            |     5 |     8 |     5 |    10 |     8 ||    36
       Potion            |     2 |       |     2 |     3 |     5 ||    12
 Stab: Paralysed         |       |     5 |       |     2 |       ||     7
       Petrified         |       |       |       |       |     5 ||     5
       Distracted        |       |       |       |       |     1 ||     1
Armor: Ring mail         |    32 |       |       |       |       ||    32
       Plate armour      |    29 |    90 |   232 |   325 |   582 ||  1258
       Chain mail        |     4 |       |       |       |       ||     4
Dodge: Dodged            |    30 |    12 |    43 |   131 |   216 ||   432
Block: Other             |       |       |       |       |    61 ||    61
       Reflection        |       |       |       |       |     1 ||     1
